[Event "*** Titled Tuesday Blitz"]
[Site "Chess.com"]
[Date "2018.10.02"]
[Round "3"]
[White "Federtiu"]
[Black "Indianlad"]
[Result "0-1"]
[WhiteElo "2613"]
[BlackElo "2814"]
[TimeControl "180+2"]
[EndTime "13:38:45 PDT"]
[Termination "Indianlad won by resignation"]

1. e4 e5 2. Nf3 Nc6 3. a3 Nf6 4. Nc3 d5 5. exd5 Nxd5 6. Bb5 Nxc3 7.
bxc3 Bd6 8. d4 exd4 9. Qe2+ Qe7 10. Qxe7+ Kxe7 11. cxd4 Bg4 12. c3 Bxf3 13. gxf3 Na5 14. Rb1 a6 15. Bd3 b5 16. f4 f5 17. Rg1 g6 18. h4 Kf6 19. Ke2 Rhe8+ 20. Kf3 Rab8 21. h5 Nc4 22. a4 c6 23. axb5 axb5 24. hxg6 hxg6 25.
Rh1 Rh8 26. Rxh8 Rxh8 27. Bxc4 bxc4 28. Rb6 Rh3+ 29. Ke2 Rxc3 30. Bd2 Rb3 31. Rxc6 Ke6 32. Rxc4 Kd5 33. Ra4 Bc7 34. Ra6 Bb6 35. Be3 Ke4 36.
Ra2 Kd5 37. Rd2 Ba5 38. Rc2 Bc3 39. Ra2 Ke4 40. Rc2 Bb4 41. Ra2 Bc3 42. Rc2 Ba5 43. Ra2 Bb4 44. Rc2 Bc3 45. Ra2 Bb4 46. Rc2 Bd6 47.
Ra2 Rb5 48. Ra6 Rb2+ 49. Kd1 Bb4 50. Rxg6 Kd3 51. Bc1 Rxf2 52. Rg3+ Kc4 53. Rg1 Kxd4 54.
Rg3 Rh2 55. Rf3 Kc4 56. Rg3 Bc3 57. Rg5 Bd4 58. Rg3 Kd5 59. Bd2 Ke4 60. Bc1 Rh1+ 61. Kc2 Rf1 62. Rg8 Rf2+ 63. Kb3 Rf1 64. Re8+ Kd3 65.
Ba3 Rb1+ 66. Ka2 Rb5 67. Bd6 Kc2 68. Rc8+ Bc3 69. Ba3 Rd5 70. Bb4 Rd3 71. Bxc3 Rxc3 72. Rf8 Rc4 73. Ka3 Rxf4 74. Re8 Re4 75. Rf8 f4 76. Rf7 Kd2 77. Kb3 Ke2 78. Kc3 f3 79.
Ra7 f2 80. Ra2+ Kf3 81. Ra1 Re1 0-1

[Event "*** Titled Tuesday Blitz"]
[Site "Chess.com"]
[Date "2018.10.02"]
[Round "3"]
[White "mjray79"]
[Black "aquaticpineapples"]
[Result "1/2-1/2"]
[WhiteElo "2126"]
[BlackElo "2031"]
[TimeControl "180+2"]
[EndTime "13:38:47 PDT"]
[Termination "Game drawn by repetition"]

1. d4 d5 2. Nf3 c5 3. c4 e6 4.
cxd5 exd5 5. g3 Nf6 6. Bg2 Nc6 7. Nc3 Be7 8. O-O O-O 9. Bg5 Be6 10. Rc1 cxd4 11.
Nxd4 Rc8 12. Qd2 Qb6 13. Be3 Qa6 14. Rfd1 Rfd8 15. Ndb5 Ng4 16. Bd4 Nxd4 17. Nxd4 Ne5 18. Nxe6 fxe6 19. Qd4 Bf6 20. Qd2 Nc4 21. Qc2 Na3 22.
Qb3 Nc4 23. e4 d4 24. Nb1 Na5 25. Qa3 Rxc1 26. Rxc1 d3 27. Rd1 Nc4 28. Qb3 Nxb2 29. Rd2 Qa4 30. Rxb2 Qxb3 31. Rxb3 d2 32. Nxd2 Rxd2 33.
Rxb7 Rxa2 34. Rb8+ Kf7 35. Rb7+ Kg6 36. Bh3 Bd4 37.
Bxe6 Rxf2 38. Kh1 Rb2 39. Bf5+ Kf6 40. Rd7 Be5 41. Rxa7 h6 42. Ra6+ Kf7 43. Ra7+ Kf6 44. Ra6+ Kf7 45. Re6 Bd4 46. Rd6 Be5 47. Ra6 Bd4 48.
Bg6+ Ke7 49. Rc6 Ra2 50. Bf5 Rb2 51. Ra6 Rc2 52. Re6+ Kf7 53. Rd6 Be5 54. Rd7+ Kf6 55. Rd8 Rb2 56. Rf8+ Ke7 57. Ra8 Rc2 58. Ra7+ Kf6 59.
Ra6+ Kf7 60. Ra5 Bd4 61. Rd5 Rd2 62. Rd7+ Kf6 63. Rd6+ Kf7 64. e5 Bc3 65. Rxd2 Bxd2 66. Kg2 Bc3 67. e6+ Kf6 68. Bh3 Bb4 69. Kf3 Ke5 70.
Bg4 Be7 71. h4 Kf6 72. Ke4 Bd6 73. Kf3 g5 74. Bh3 gxh4 75. gxh4 Be7 76. Kg4 Ke5 77. Kh5 Kd6 78. Bg4 Ke5 79. Bh3 Kd6 80. Bg4 Ke5 81.
Bh3 Kd6 1/2-1/2

[Event "*** Titled Tuesday Blitz"]
[Site "Chess.com"]
[Date "2018.10.02"]
[Round "3"]
[White "MaestroASK"]
[Black "W_Amadeus"]
[Result "0-1"]
[WhiteElo "2421"]
[BlackElo "2619"]
[TimeControl "180+2"]
[EndTime "13:38:49 PDT"]
[Termination "W_Amadeus won by resignation"]

1. d4 d6 2. c3 c6 3. Bg5 h6 4. Bh4 Qb6 5. Qb3 Be6 6. Qxb6 axb6 7. a3 Nf6 8. Nd2 Bf5 9. Bxf6 exf6 10. e4 Bh7 11. f3 b5 12. Bd3 Nd7 13. Nh3 Nb6 14. Bc2 d5 15. O-O-O Kd7 16. exd5 Nxd5 17. Bxh7 Rxh7 18.
Rhe1 Bd6 19. g3 f5 20. f4 f6 21.
Nf3 g5 22. Nd2 g4 23. Nf2 h5 24. Nd3 h4 25. Re2 hxg3 26. hxg3 Rh3 27. Rg1 b6 28.
Kc2 Rah8 29. Nf1 Rh1 30. Rxh1 Rxh1 31. Ne3 Nxe3+ 32. Rxe3 c5 33. dxc5 bxc5 34. b3 c4 35. bxc4 bxc4 36. Nb2 Rh2+ 37. Kb1 Bxa3 38. Nxc4 Bc5 39.
Rd3+ Kc6 40. Kc1 Rg2 41. Kd1 Bf2 42. Nd6 Bxg3 43. Nxf5 Bxf4 44. Nd4+ Kb6 45. Ne2 Be5 46. Ke1 Kc5 47. Kf1 Rh2 48. Re3 Kc4 49. Ng1 g3 50.
Nf3 Rf2+ 51. Kg1 Bxc3 52. Nh4 Rf4 53. Rxg3 Bd4+ 54. Kg2 Rxh4 55. Rg8 Re4 56. Kf3 Kd3 57. Rd8 Re3+ 58. Kf4 Re1 59. Kf3 Rf1+ 60. Kg2 Rf2+ 61. Kg3 Rf1 62. Kg2 Rg1+ 63. Kf3 f5 64. Rd5 Rf1+ 65.
Kg2 Rf2+ 66. Kg3 f4+ 67. Kg4 Rf1 68. Rd8 Ke4 69. Re8+ Be5 70. Rf8 Rg1+ 71. Kh3 f3 72. Rf7 Rg8 73. Kh4 Rh8+ 74. Kg4 Rh1 75. Rf8 Rg1+ 76. Kh3 Ke3 77. Rf5 f2 78. Rxe5+ Kd4 79. Rf5 f1=Q+ 0-1

[Event "*** Titled Tuesday Blitz"]
[Site "Chess.com"]
[Date "2018.10.02"]
[Round "3"]
[White "TST2014"]
[Black "Ramosha"]
[Result "0-1"]
[WhiteElo "2461"]
[BlackElo "2467"]
[TimeControl "180+2"]
[EndTime "13:39:14 PDT"]
[Termination "Ramosha won on time"]

1. d4 e6 2. c4 d5 3. Nf3 Nf6 4. Nc3 Be7 5. Bf4 O-O 6. e3 c5 7. dxc5 Bxc5 8. a3 Nc6 9. Qc2 Bd6 10. cxd5 exd5 11. Bg5 Be6 12. Bd3 h6 13. Bh4 Ne5 14. Nxe5 Bxe5 15. f4 Bd6 16. Rd1 Be7 17. O-O Rc8 18.
f5 Bd7 19. Qb3 Bc6 20. Kh1 Ng4 21. Bxe7 Qxe7 22. Nxd5 Bxd5 23. Qxd5 Nxe3 24. f6 Nxd5 25. fxe7 Nxe7 26. Rc1 Rxc1 27. Rxc1 Rc8 28. Re1 Nc6 29. Be4 Kf8 30. Bf3 Re8 31. Rc1 Re6 32. Kg1 Rd6 33. Rc2 f5 34. Kf2 Ke7 35. h4 g6 36. g3 Kf6 37. b4 Nd4 38. Rc7 Nxf3 39. Kxf3 Rd3+ 40. Kf2 Rxa3 41. Rxb7 g5 42. h5 g4 43. Rh7 Kg5 44.
Rf7 Rf3+ 45. Kg2 Rb3 46. Rxa7 Rxb4 47. Ra5 Rb2+ 48. Kg1 Rb3 49. Kg2 Rf3 50. Ra8 Kxh5 51. Rg8 Ra3 52. Rg7 Ra2+ 53. Kg1 Ra6 54. Kg2 Rg6 55.
Rf7 Kg5 56. Kf2 Ra6 57. Rg7+ Kf6 58. Rh7 Kg6 59. Rh8 Ra2+ 60. Kg1 Kg7 61. Rb8 Kf6 62.
Rb6+ Kg5 63. Rb5 h5 64. Rc5 Rd2 65. Rb5 Rd3 66. Kg2 Re3 67. Rc5 Rd3 68. Rb5 Rd8 69.
Ra5 Rf8 70. Ra7 h4 71. gxh4+ Kxh4 72. Rh7+ Kg5 73. Rg7+ Kf4 74. Ra7 Rd8 75. Ra4+ Kg5 76. Ra3 Rd2+ 77. Kf1 f4 78. Ra8 Kh4 79. Ra3 f3 80.
Ke1 Re2+ 81. Kf1 Rb2 82. Ra1 Kg3 83. Kg1 Rg2+ 84. Kf1 Rh2 0-1

[Event "*** Titled Tuesday Blitz"]
[Site "Chess.com"]
[Date "2018.10.02"]
[Round "4"]
[White "aquaticpineapples"]
[Black "cool4chess"]
[Result "0-1"]
[WhiteElo "2026"]
[BlackElo "2162"]
[TimeControl "180+2"]
[EndTime "13:42:20 PDT"]
[Termination "cool4chess won by checkmate"]

1. d4 d5 2. Nf3 Nf6 3. e3 Bf5 4. c4 e6 5. Nc3 c6 6. Be2 h6 7. O-O Nbd7 8. b3 Bd6 9. Bb2 O-O 10. Bd3 Ne4 11. Qc2 Ndf6 12. Nd2 Bxh2+ 13. Kxh2 Ng4+ 14. Kg1 Nxd2 15. Qxd2 Qh4 16. Rfd1 Bxd3 17. Qxd3 Qxf2+ 18. Kh1 Qh4+ 19. Kg1 Qh2+ 20. Kf1 Qh1+ 21. Ke2 Qxg2+ 22. Ke1 Qf2# 0-1

[Event "*** Titled Tuesday Blitz"]
[Site "Chess.com"]
[Date "2018.10.02"]
[Round "4"]
[White "TrimitziosP7"]
[Black "StoreySniper"]
[Result "1-0"]
[WhiteElo "2565"]
[BlackElo "2420"]
[TimeControl "180+2"]
[EndTime "13:43:50 PDT"]
[Termination "TrimitziosP7 won by resignation"]

1. d4 g6 2. c4 Bg7 3. Nc3 c5 4. d5 e5 5. e4 d6 6. Be3 Nf6 7. f3 h5 8. Qd2 h4 9. O-O-O a6 10.
Kb1 Nbd7 11. Bd3 Nh5 12. Nge2 f6 13. g4 hxg3 14. hxg3 g5 15. Rh2 Nf4 16. Rxh8+ Bxh8 17. gxf4 exf4 18. Nxf4 gxf4 19. Bxf4 Nf8 20. Qh2 Bg7 21. Bxd6 Kf7 22. Qh5+ Kg8 23. e5 fxe5 24. Bxe5 Bg4 25.
Qxg4 1-0

[Event "*** Titled Tuesday Blitz"]
[Site "Chess.com"]
[Date "2018.10.02"]
[Round "4"]
[White "senecacrane"]
[Black "Phelathegreat"]
[Result "0-1"]
[WhiteElo "2160"]
[BlackElo "2323"]
[TimeControl "180+2"]
[EndTime "13:44:05 PDT"]
[Termination "Phelathegreat won by resignation"]

1. Nf3 c5 2. e3 d5 3. d4 Nc6 4. c4 e6 5. a3 Nf6 6. dxc5 Bxc5 7. b4 Be7 8. Bb2 O-O 9. Nbd2 a6 10. Bd3 dxc4 11. Nxc4 b5 12. Nce5 Bb7 13. O-O Qb6 14. Nxc6 Qxc6 15. Rc1 Qd5 16. Qe2 Rfd8 17. Rfd1 Qh5 18.
Ne5 Qg5 19. f3 Bd6 20. f4 Qh5 21. Qxh5 Nxh5 22. Bxh7+ Kxh7 23. Nxf7 Be7 24. Nxd8 Bxd8 25. Rd7 Bd5 26. Bd4 Nf6 27. h3 Nxd7 0-1

[Event "*** Titled Tuesday Blitz"]
[Site "Chess.com"]
[Date "2018.10.02"]
[Round "4"]
[White "Zhuu96"]
[Black "AliKa2810"]
[Result "1-0"]
[WhiteElo "2884"]
[BlackElo "2482"]
[TimeControl "180+2"]
[EndTime "13:44:13 PDT"]
[Termination "Zhuu96 won by resignation"]

1. d4 Nf6 2. Nf3 g6 3. Bg5 Bg7 4. Nbd2 O-O 5. e4 d5 6. e5 Ne4 7. Bf4 c5 8. Bd3 Bf5 9. dxc5 Nd7 10. b4 a5 11. a3 g5 12. Bxe4 dxe4 13. Nxg5 Nxe5 14.
Rb1 axb4 15. axb4 h6 16. Ngxe4 Ra2 17. O-O Qd4 18. Be3 Qd5 19. Nc3 Nf3+ 20. Nxf3 Qxd1 21. Nxd1 Bxc2 22. Rc1 1-0

[Event "*** Titled Tuesday Blitz"]
[Site "Chess.com"]
[Date "2018.10.02"]
[Round "4"]
[White "Sychev_Klementy"]
[Black "chenrip"]
[Result "1-0"]
[WhiteElo "2740"]
[BlackElo "2405"]
[TimeControl "180+2"]
[EndTime "13:44:30 PDT"]
[Termination "Sychev_Klementy won by resignation"]

1. e4 e6 2. d4 d5 3. Nd2 c5 4. exd5 exd5 5. Ngf3 Nf6 6. Bb5+ Bd7 7. Bxd7+ Nbxd7 8. O-O Be7 9. Re1 O-O 10. dxc5 Bxc5 11.
Nb3 Bb6 12. Nbd4 Qc7 13. Nf5 Rfe8 14. Bg5 Qc5 15. Be3 Qb5 16. Nd6 Qxb2 17. Nxe8 Rxe8 18. Bxb6 Nxb6 19. Rxe8+ Nxe8 20. a4 Nf6 21. a5 Nc4 22. Rb1 Qa3 23. Rxb7 h6 24. Rxa7 g6 25. h3 Kg7 26.
Qd4 Qc1+ 27. Kh2 Qxc2 28. a6 Qf5 29. Rc7 Nd6 30. Qe5 Qxe5+ 31. Nxe5 1-0

[Event "*** Titled Tuesday Blitz"]
[Site "Chess.com"]
[Date "2018.10.02"]
[Round "4"]
[White "Blagorod"]
[Black "RiskyDecision"]
[Result "0-1"]
[WhiteElo "2031"]
[BlackElo "2384"]
[TimeControl "180+2"]
[EndTime "13:44:40 PDT"]
[Termination "RiskyDecision won by resignation"]

1. e4 e6 2. d4 d5 3. Nc3 Nf6 4. exd5 exd5 5. Bd3 c5 6. dxc5 Bxc5 7. Nge2 O-O 8. O-O Nc6 9. Bg5 Be6 10. Nf4 h6 11.
Bxf6 Qxf6 12. Nfxd5 Bxd5 13. Nxd5 Qxb2 14. Rb1 Qxa2 15.
Rxb7 Rad8 16. Rc7 Qxd5 17. Qg4 Ne5 18. Qh4 Nxd3 19. cxd3 Bb6 20. Rc3 Qd4 0-1

[Event "*** Titled Tuesday Blitz"]
[Site "Chess.com"]
[Date "2018.10.02"]
[Round "4"]
[White "Kawhi_Leonard2"]
[Black "francogreek"]
[Result "1-0"]
[WhiteElo "2277"]
[BlackElo "2347"]
[TimeControl "180+2"]
[EndTime "13:44:42 PDT"]
[Termination "Kawhi_Leonard2 won by resignation"]

1. e4 e6 2. d4 d5 3. Nd2 Nf6 4. e5 Nfd7 5. Bd3 c5 6. c3 Nc6 7. Ne2 cxd4 8. cxd4 f6 9. exf6 Nxf6 10. Nf3 Bd6 11. O-O Qc7 12. Bg5 O-O 13. Rc1 g6 14. a3 Nh5 15. Qc2 Qg7 16. Bh4 Bd7 17.
Bg3 Nxg3 18. hxg3 a6 19. Rfe1 Rf6 20. Qd2 Raf8 21. Qe3 h6 22. Rf1 g5 23. Ne5 Be8 24. Bxa6 Bxe5 25. dxe5 Rf5 26. Bd3 Rxe5 27. Qd2 g4 28.
Nf4 h5 29. Rfe1 h4 30. Nxe6 Rxe6 31. Rxe6 hxg3 32. fxg3 Qd4+ 33. Qe3 Qxb2 34. Rxe8 1-0

[Event "*** Titled Tuesday Blitz"]
[Site "Chess.com"]
[Date "2018.10.02"]
[Round "4"]
[White "FearNoEvil12"]
[Black "GHANDEEVAM2003"]
[Result "0-1"]
[WhiteElo "2020"]
[BlackElo "2899"]
[TimeControl "180+2"]
[EndTime "13:44:48 PDT"]
[Termination "GHANDEEVAM2003 won by checkmate"]

1. e4 e6 2. d4 d5 3. Nc3 Nf6 4. Qd3 Bb4 5. e5 Ne4 6. a3 Ba5 7. b4 Bb6 8. Nxe4 dxe4 9. Qxe4 Qxd4 10. Qxd4 Bxd4 11. Rb1 Bxe5 12. Nf3 Bc3+ 13. Bd2 Bxd2+ 14. Nxd2 Ke7 15. Bd3 Nc6 16. b5 Ne5 17. Be2 b6 18. f4 Ng6 19. g3 Bb7 20. Rg1 Rad8 21. Nb3 h5 22. Kf2 h4 23. Bf3 hxg3+ 24. hxg3 Bxf3 25.
Kxf3 Rd5 26. a4 c6 27. c4 Rd3+ 28. Ke4 Rhd8 29. g4 Nh4 30. f5 c5 31. Rh1 Nf3 32.
fxe6 Kxe6 33. Kf4 g5+ 34. Ke4 Nd2+ 35. Nxd2 R8d4# 0-1

[Event "*** Titled Tuesday Blitz"]
[Site "Chess.com"]
[Date "2018.10.02"]
[Round "4"]
[White "Godzillator"]
[Black "Zarikovs1999"]
[Result "1-0"]
[WhiteElo "2261"]
[BlackElo "2189"]
[TimeControl "180+2"]
[EndTime "13:44:53 PDT"]
[Termination "Godzillator won by resignation"]

1. d4 Nf6 2. c4 c5 3. d5 b5 4.
cxb5 a6 5. bxa6 g6 6. b3 Bg7 7.
Bb2 O-O 8. g3 d6 9. Bg2 Qa5+ 10.
Bc3 Qxa6 11. Nh3 Nbd7 12. O-O c4 13. b4 Nb6 14. a3 Bd7 15. Re1 Ba4 16. Qd2 Rad8 17.
e4 e6 18. dxe6 fxe6 19. Nf4 Rfe8 20. Bh3 Qc8 21. Bd4 Na8 22. Nc3 Bd7 23. e5 dxe5 24. Bxe5 Nc7 25. Qa2 Ncd5 26. Rac1 Nxf4 27. Bxf4 e5 28.
Bxd7 Nxd7 29. Bg5 Bf6 30. Ne4 Bxg5 31. Rxc4 Qb7 32. Rc7+ 1-0

[Event "*** Titled Tuesday Blitz"]
[Site "Chess.com"]
[Date "2018.10.02"]
[Round "4"]
[White "W_Amadeus"]
[Black "Koksik_13"]
[Result "0-1"]
[WhiteElo "2613"]
[BlackElo "2706"]
[TimeControl "180+2"]
[EndTime "13:44:57 PDT"]
[Termination "Koksik_13 won by resignation"]

1. e4 e6 2. d4 d5 3. Nc3 Bb4 4.
e5 c5 5. a3 Bxc3+ 6. bxc3 Ne7 7. Qg4 Qc7 8. Bd3 cxd4 9. Ne2 dxc3 10. Qxg7 Rg8 11. Qxh7 Nbc6 12. f4 Bd7 13. g3 O-O-O 14. Qxf7 Rdf8 15. Qh5 Rh8 16. Qg4 Rhg8 17. Qh3 Kb8 18.
Qg2 Nf5 19. Bxf5 Rxf5 20. Be3 d4 21. Nxd4 Nxd4 22. Bxd4 Rxf4 23. O-O-O Qa5 24. Bxc3 Qxc3 25. Rxd7 Qxa3+ 26. Kd2 Qb4+ 27. Kc1 Rc4 28. Rhd1 Rgc8 29. R1d2 Re4 30. Qf2 Qa3+ 0-1

[Event "*** Titled Tuesday Blitz"]
[Site "Chess.com"]
[Date "2018.10.02"]
[Round "4"]
[White "HouseOfDurin"]
[Black "Perecke"]
[Result "0-1"]
[WhiteElo "1796"]
[BlackElo "1967"]
[TimeControl "180+2"]
[EndTime "13:45:15 PDT"]
[Termination "Perecke won by resignation"]

1. d4 d5 2. Bg5 h6 3. Bh4 g5 4. Bg3 h5 5. h3 Nf6 6. e3 c6 7. c4 Ne4 8. cxd5 Nxg3 9. fxg3 cxd5 10. Be2 Qc7 11. Kf2 e6 12. Nd2 Bd6 13. Nf1 h4 14.
gxh4 gxh4 15. Rc1 Bg3+ 16. Kf3 Nc6 17. Bb5 Rh6 18. Ne2 Rf6+ 19. Kg4 e5+ 20. Kh5 Rf5+ 21.
Kg4 Rxf1+ 22. Kh5 Rxd1 23. Rhxd1 Qd6 24. Nxg3 hxg3 25. Bxc6+ bxc6 26. dxe5 Qxe5+ 27. Kh6 Bd7 0-1

[Event "*** Titled Tuesday Blitz"]
[Site "Chess.com"]
[Date "2018.10.02"]
[Round "4"]
[White "matiss90"]
[Black "alishersuleymenov"]
[Result "1-0"]
[WhiteElo "2442"]
[BlackElo "2481"]
[TimeControl "180+2"]
[EndTime "13:45:18 PDT"]
[Termination "matiss90 won by resignation"]

1. e4 c5 2. Nf3 Nc6 3. d4 cxd4 4. Nxd4 Nf6 5. Nc3 d6 6. Bc4 e6 7. Be3 a6 8. Bb3 Be7 9. Qe2 O-O 10. O-O-O Qe8 11. Rhg1 b5 12. g4 Na5 13. g5 Nd7 14. f4 Nc5 15. f5 b4 16. Nb1 e5 17. Bd5 exd4 18. Bxd4 Bb7 19. g6 Kh8 20. Qh5 fxg6 21.
fxg6 Qxg6 22. Rxg6 Bf6 23. Rxf6 Rxf6 24. Bxf6 gxf6 25.
Bxb7 1-0

[Event "*** Titled Tuesday Blitz"]
[Site "Chess.com"]
[Date "2018.10.02"]
[Round "4"]
[White "Supernotar"]
[Black "saraswathii"]
[Result "0-1"]
[WhiteElo "2402"]
[BlackElo "2315"]
[TimeControl "180+2"]
[EndTime "13:45:23 PDT"]
[Termination "saraswathii won by resignation"]

1. d4 Nc6 2. c4 e5 3. dxe5 Nxe5 4. e3 Nf6 5. Nc3 Ng6 6. Nf3 Bc5 7. Be2 d6 8. b3 O-O 9. Bb2 Bf5 10. O-O Re8 11.
Na4 Bb6 12. Nxb6 axb6 13. Nd4 Bd7 14. Qc2 c5 15. Nf3 Bc6 16. Rfd1 Qe7 17. a4 Ng4 18. Rd2 Rad8 19. Rad1 f6 20. h3 Nxf2 21. Kxf2 Qxe3+ 22. Kf1 Nf4 23. Qc3 Nxe2 24. Qxe3 Rxe3 25. Rxe2 Bxf3 26.
gxf3 Rxf3+ 27. Kg2 Rxb3 28. Red2 Rb4 29. Kg3 Kf7 30. h4 Ke7 31. Re2+ Kd7 32. Rde1 Kc7 33. Re7+ Rd7 34. Re8 Rxb2 0-1

[Event "*** Titled Tuesday Blitz"]
[Site "Chess.com"]
[Date "2018.10.02"]
[Round "4"]
[White "Iball95"]
[Black "luizzy"]
[Result "1-0"]
[WhiteElo "2578"]
[BlackElo "2417"]
[TimeControl "180+2"]
[EndTime "13:45:27 PDT"]
[Termination "Iball95 won by resignation"]

1. d4 Nf6 2. Bf4 g6 3. Nc3 Bg7 4. e4 d6 5. Qd2 h6 6. O-O-O Nbd7 7. e5 dxe5 8. dxe5 Nh5 9. e6 fxe6 10. Bd3 Kf7 11.
Nf3 Bf6 12. Bxh6 c6 13. g4 Ng7 14. g5 Bxc3 15. Qxc3 Qg8 16. Bc4 Nb6 17. Ne5+ Ke8 18.
Nxg6 Rh7 19. Nxe7 Kxe7 20. Qf6+ 1-0

[Event "*** Titled Tuesday Blitz"]
[Site "Chess.com"]
[Date "2018.10.02"]
[Round "4"]
[White "lucasmito"]
[Black "51616516516"]
[Result "0-1"]
[WhiteElo "2384"]
[BlackElo "2299"]
[TimeControl "180+2"]
[EndTime "13:45:40 PDT"]
[Termination "51616516516 won by resignation"]

1. e4 c5 2. Nf3 g6 3. d4 cxd4 4. Nxd4 Nc6 5. Nc3 Bg7 6. Be3 Nf6 7. Bc4 O-O 8. Bb3 d6 9. f3 Bd7 10. Qd2 Nxd4 11. Bxd4 b5 12. O-O-O a5 13. a4 b4 14. Nd5 Nxd5 15. exd5 Qe8 16. Bxg7 Kxg7 17. Rhe1 Bxa4 18. Bxa4 Qxa4 19. Qd4+ Kg8 20. Rxe7 Rac8 21.
Re2 Rc5 22. Kb1 Rfc8 23. Rdd2 Qb5 24. h4 b3 25. c3 Rc4 26. Qf6 Qa4 27. Rd4 Qa2+ 28.
Kc1 Qa1+ 29. Kd2 Qxb2+ 30. Ke3 Qxc3+ 31. Rd3 0-1

[Event "*** Titled Tuesday Blitz"]
[Site "Chess.com"]
[Date "2018.10.02"]
[Round "4"]
[White "tteshan"]
[Black "BillForster"]
[Result "1-0"]
[WhiteElo "2025"]
[BlackElo "1692"]
[TimeControl "180+2"]
[EndTime "13:45:47 PDT"]
[Termination "tteshan won by resignation"]

1. d4 d5 2. c4 c6 3. Nc3 Nf6 4. e3 Bf5 5. cxd5 cxd5 6. Qb3 Qd7 7. Nf3 e6 8. Bb5 Nc6 9. Ne5 Qc7 10. Qa4 Rc8 11.
Qxa7 Bd6 12. Bxc6+ bxc6 13. Qxc7 Rxc7 14. f4 O-O 15.
O-O c5 16. Bd2 Rb8 17. b3 Ne4 18. Nxe4 Bxe4 19. Rfc1 f6 20. Ng4 c4 21. bxc4 dxc4 22.
Nf2 Ba8 23. Rab1 Rxb1 24. Rxb1 c3 25. Bc1 Rc8 26. g3 Bd5 27. Rb6 Bf8 28. a4 Bb3 29. Rxb3 1-0

[Event "*** Titled Tuesday Blitz"]
[Site "Chess.com"]
[Date "2018.10.02"]
[Round "4"]
[White "NemtsevIgor"]
[Black "TST2014"]
[Result "0-1"]
[WhiteElo "2369"]
[BlackElo "2467"]
[TimeControl "180+2"]
[EndTime "13:45:55 PDT"]
[Termination "TST2014 won by resignation"]

1. d4 Nf6 2. Nc3 g6 3. e4 d6 4. Bg5 Bg7 5. Qd2 h6 6. Bf4 g5 7. Bg3 Nh5 8. O-O-O Nc6 9. Nge2 O-O 10. h4 g4 11. d5 Ne5 12. Bf4 Nc4 13. Qd3 b5 14. Kb1 Rb8 15. Bc1 Ba6 16. Ng3 b4 17. Nxh5 Na3+ 18.
Ka1 Bxd3 19. Bxd3 bxc3 20. bxa3 c6 21. Be3 c5 22. Nxg7 Kxg7 23. f3 Qa5 24. fxg4 Qxa3 25. Rb1 Rb2 0-1

[Event "*** Titled Tuesday Blitz"]
[Site "Chess.com"]
[Date "2018.10.02"]
[Round "4"]
[White "GrigorGrigorov"]
[Black "Blitzstream"]
[Result "1-0"]
[WhiteElo "2733"]
[BlackElo "2621"]
[TimeControl "180+2"]
[EndTime "13:45:58 PDT"]
[Termination "GrigorGrigorov won by resignation"]

1. d4 Nf6 2. c4 c6 3. Nc3 d5 4. cxd5 cxd5 5. Bf4 Nc6 6. e3 Ne4 7. Bd3 Nxc3 8. bxc3 g6 9. h4 Bf5 10. h5 Qa5 11.
Ne2 Bg7 12. Bxf5 gxf5 13. Qb1 Qa6 14. Qxf5 e6 15. Qg5 Bf8 16. h6 Be7 17. Qg7 Kd7 18.
Qxf7 Raf8 19. Qh5 Rhg8 20. O-O Rf5 21. Qf3 Kc8 22. e4 dxe4 23. Qxe4 Na5 24. Ng3 Rff8 25. Qe5 Bd8 26. Ne4 Nc4 27. Qb8+ Kd7 28. Nc5+ 1-0

[Event "*** Titled Tuesday Blitz"]
[Site "Chess.com"]
[Date "2018.10.02"]
[Round "4"]
[White "PaulfromSPb"]
[Black "335394862"]
[Result "1-0"]
[WhiteElo "2510"]
[BlackElo "2315"]
[TimeControl "180+2"]
[EndTime "13:46:11 PDT"]
[Termination "PaulfromSPb won on time"]

1. d4 Nf6 2. Bg5 d5 3. Nd2 e6 4. e3 Be7 5. Bd3 Nbd7 6. Bxf6 Nxf6 7. f4 c5 8. c3 c4 9. Bc2 b5 10. a3 a5 11. Ngf3 Ba6 12. Ne5 Qb6 13. O-O b4 14.
axb4 axb4 15. Ba4+ Kf8 16. f5 exf5 17. Rxf5 Qe6 18. Qf1 Bc8 19. Rf3 b3 20. Bc6 Rxa1 21. Qxa1 g6 22. e4 dxe4 23. Nxe4 Kg7 24. Ng5 Qd6 25.
Ngxf7 Qc7 26. Nxh8 Kxh8 27. Qf1 Kg7 28. Qxc4 Bd6 29. Bd7 Qxc4 30. Nxc4 Bb7 31. Rxf6 Bxh2+ 32. Kxh2 Kxf6 33. Ba4 Kg5 34. Bxb3 h5 35. Bc2 1-0

[Event "*** Titled Tuesday Blitz"]
[Site "Chess.com"]
[Date "2018.10.02"]
[Round "4"]
[White "ahmadzada13"]
[Black "Antifish7"]
[Result "1-0"]
[WhiteElo "2637"]
[BlackElo "2515"]
[TimeControl "180+2"]
[EndTime "13:46:12 PDT"]
[Termination "ahmadzada13 won by resignation"]

1. e4 c5 2. Nf3 d6 3. d4 cxd4 4.
Nxd4 Nf6 5. Nc3 a6 6. Bc4 Nc6 7. Be3 e6 8. Qe2 Be7 9. O-O-O Bd7 10. Nxc6 bxc6 11. g4 d5 12. e5 dxc4 13. exf6 Bxf6 14. Ne4 Be7 15. Nd6+ Kf8 16. Nxc4 Qc7 17. Qf3 Be8 18. Bf4 Qb7 19. Bd6 g6 20. Ne5 Kg7 21. Qc3 f6 22. Nc4 Rd8 23. f4 h6 24. h4 Bxd6 25. Nxd6 Qe7 26.
Qc5 Bf7 27. Nf5+ 1-0

[Event "*** Titled Tuesday Blitz"]
[Site "Chess.com"]
[Date "2018.10.02"]
[Round "4"]
[White "Didici"]
[Black "Fighterman91"]
[Result "1-0"]
[WhiteElo "2626"]
[BlackElo "2716"]
[TimeControl "180+2"]
[EndTime "13:46:30 PDT"]
[Termination "Didici won by resignation"]

1. d4 Nf6 2. c4 g6 3. f3 d5 4. cxd5 Nxd5 5. e4 Nb6 6. Nc3 Bg7 7.
Be3 O-O 8. Qd2 e5 9. d5 c6 10.
h4 cxd5 11. exd5 Na6 12. Rd1 Bd7 13. h5 Rc8 14. Bh6 Bxh6 15. Qxh6 g5 16. Bd3 f5 17.
Nh3 Nc5 18. Nxg5 Qe7 19. Be2 Rf6 20. d6 Qg7 21. Qxg7+ Kxg7 22. Nd5 Rxd6 23. h6+ Kf8 24. Nxh7+ Kg8 25. Ndf6+ 1-0

[Event "*** Titled Tuesday Blitz"]
[Site "Chess.com"]
[Date "2018.10.02"]
[Round "4"]
[White "AnkitGajwa"]
[Black "WPWPWP-2015"]
[Result "1-0"]
[WhiteElo "2310"]
[BlackElo "2289"]
[TimeControl "180+2"]
[EndTime "13:46:32 PDT"]
[Termination "AnkitGajwa won by checkmate"]

1. d4 Nf6 2. c4 e6 3. Nc3 Bb4 4. f3 d5 5. a3 Be7 6. e4 O-O 7.
cxd5 exd5 8. e5 Ne8 9. f4 Bf5 10. Nf3 Nd7 11. Nxd5 c6 12. Nc3 f6 13. Bd3 fxe5 14.
dxe5 Bg4 15. O-O Nc5 16. Bc4+ Kh8 17. Be3 Nc7 18. Qc2 Bf5 19. Qf2 N5e6 20. h3 b5 21. Bb3 Bg6 22. Qg3 Qe8 23. Nh4 Bd3 24. Rf2 Bxh4 25.
Qxh4 Rd8 26. g4 c5 27. Bxe6 Nxe6 28. f5 Nd4 29. Bg5 Rc8 30. Re1 b4 31. Nd5 Qd7 32. Ne7 Rce8 33. f6 g6 34. f7 Rd8 35. Bf6# 1-0

[Event "*** Titled Tuesday Blitz"]
[Site "Chess.com"]
[Date "2018.10.02"]
[Round "4"]
[White "mc4chess"]
[Black "andrzej"]
[Result "0-1"]
[WhiteElo "2406"]
[BlackElo "2207"]
[TimeControl "180+2"]
[EndTime "13:46:34 PDT"]
[Termination "andrzej won by checkmate"]

1. e4 c6 2. d4 d5 3. Nc3 dxe4 4.
Nxe4 Nd7 5. Nf3 Ngf6 6. Neg5 e6 7. Bd3 Bd6 8. Qe2 O-O 9. c3 h6 10. h4 Re8 11. Be3 e5 12. Bc4 hxg5 13. hxg5 exd4 14. gxf6 dxe3 15. O-O-O Qxf6 16. Qc2 g6 17. Rh6 Nf8 18. Rdh1 Bf5 19. Qb3 exf2 20. Bxf7+ Kg7 21. Qxb7 Bf4+ 22. Kd1 Rad8+ 23. Nd4 Rxd4+ 24. cxd4 Qxd4# 0-1

[Event "*** Titled Tuesday Blitz"]
[Site "Chess.com"]
[Date "2018.10.02"]
[Round "4"]
[White "Federtiu"]
[Black "Keranke"]
[Result "0-1"]
[WhiteElo "2608"]
[BlackElo "2779"]
[TimeControl "180+2"]
[EndTime "13:46:37 PDT"]
[Termination "Keranke won by resignation"]

1. e4 g6 2. d4 Bg7 3. Nc3 d6 4. f4 a6 5. Nf3 b5 6. Bd3 Nd7 7.
a4 b4 8. Ne2 c5 9. c3 Bb7 10. O-O Ngf6 11. e5 Ne4 12. Qc2 d5 13. e6 fxe6 14. Ng5 Qb6 15. a5 Qc6 16. cxb4 c4 17. Bxe4 dxe4 18. Ng3 Bxd4+ 19. Kh1 Nf6 20. Qa4 Qxa4 21. Rxa4 Bd5 22. Ne2 Ba7 23. Ra3 Ng4 24. Nh3 e3 25. Nhg1 Nf2+ 26. Rxf2 exf2 0-1